 Dungeon Crawl Stone Soup version 0.31-a0-879-g1609e0ac53 (webtiles) character file.

Game seed: 16436701096612587843

730 Warped the Ruffian (level 8, -5/59 HPs)
             Began as a Djinni Fighter on Oct 14, 2023.
             Slain by an orc warrior
             ... wielding a +0 battleaxe
              (12 damage)
             ... on level 5 of the Dungeon.
             The game lasted 00:07:09 (3968 turns).

Warped the Ruffian (Djinni Fighter)                 Turns: 3968, Time: 00:07:10

Health: -5/59      AC:  7    Str: 15 (17) XL:     8   Next: 3%
Gold:   213        EV: 23    Int:  7 (10) God:
                   SH:  4    Dex: 13

rFire   + +          +
                       - Unarmed
rCold   . . .        b - +0 buckler
rNeg    . . .        a - +0 scale mail
rPois   ∞            (no helmet)
rElec   +            (no cloak)
rCorr   +            n - +0 pair of gloves
SInv    +            (boots unavailable)
Will    .....        s - amulet of the acrobat Stlth
                     h - ring of see invisible
HPRegen 0.29/turn    (no ring)
MPRegen 0.00/turn

%: acrobat, infuse magic (-6 HP)
@: resistant, acrobatic, flying
A: sickness immunity, fire resistance 2, cold vulnerability 1, float, innate
caster, HP casting, extra vitality 1
a: no special abilities


You were on level 5 of the Dungeon.
You visited 1 branch of the dungeon, and saw 5 of its levels.

You collected 213 gold pieces.

Inventory:

Hand Weapons
 i - a +0 rapier
 p - a +0 spear
Missiles
 f - 35 stones
 l - 8 poisoned darts (quivered)
 q - 3 javelins
Armour
 a - a +0 scale mail (worn)
 b - a +0 buckler (worn)
 n - a +0 pair of gloves (worn)
Magical Staves
 j - a staff of poison
Jewellery
 h - a ring of see invisible (left hand)
 s - an amulet of the acrobat (around neck)
Wands
 v - a wand of flame (14)
Scrolls
 c - a scroll of acquirement {unknown}
 d - a scroll of amnesia {unknown}
 g - a scroll of poison {unknown}
 k - a scroll of fear {unknown}
 o - a scroll of vulnerability
 r - a scroll of torment {unknown}
 t - a scroll of identify {unknown}
 u - 2 scrolls of blinking {unknown}
Potions
 m - a potion of might


   Skills:
 + Level 5.0 Fighting
 - Level 3.0 Armour
 - Level 3.0 Shields
 * Level 6.2 Unarmed Combat
 + Level 2.7 Spellcasting
 + Level 2.7 Conjurations
 + Level 2.7 Hexes
   Level 0.0 Charms
 + Level 2.7 Summonings
 + Level 2.7 Necromancy
 + Level 2.7 Translocations
 + Level 2.7 Transmutations
 + Level 2.7 Fire Magic
 + Level 2.7 Ice Magic
 + Level 2.7 Air Magic
 + Level 2.7 Earth Magic
 + Level 2.7 Poison Magic


You knew the following spells:

 Your Spells              Type           Power      Damage    Failure   Level
a - Sandblast             Erth           8%         2d5       50%         1
b - Poisonous Vapours     Pois/Air       8%         N/A       65%         2
c - Confusing Touch       Hex            4%         N/A       86%         3
Your spell library was empty.

Dungeon Overview and Level Annotations

Branches:
Dungeon (5/15)
 Temple: D:4-7

Altars:
Ashenzari
Okawaru
Qazlal
Uskayaw
Xom
Zin
The Shining One

Annotations:
D:4 2 transporters, Morowski's ghost, amateur SpCj


Innate Abilities, Weirdness & Mutations

You are immune to sickness and miasma.
You are immune to poison.
Your flesh is very heat resistant. (rF++)
You are vulnerable to cold. (rC-)
You float through the air rather than walking.
You learn spells naturally, not from books.
Your magical power is your life essence.
You have superior vitality. (+4 MHP)


Message History

You are too injured to fight recklessly!
You are too injured to fight recklessly!
You are too injured to fight recklessly!
You are too injured to fight recklessly!
You are too injured to fight recklessly!
You hit the orc warrior but do no damage.
The orc warrior is lightly wounded.
The sky beast hits you but does no damage.
You hit the orc warrior but do no damage.
The orc warrior is lightly wounded.
The orc warrior closely misses you.
The sky beast flickers out of sight for a moment.
The sky beast hits you but does no damage.
You hit the orc warrior.
The orc warrior is moderately wounded.
The orc warrior hits you with a +0 battleaxe!!
* * * LOW HITPOINT WARNING * * *
The sky beast hits you but does no damage.
It was a potion of resistance.
You feel protected.
The orc warrior hits you with a +0 battleaxe.
* * * LOW HITPOINT WARNING * * *
The sky beast hits you but does no damage.
Okay, then.
Aiming: Throw Flame
Press: ? - help, Shift-Dir - straight line, f - orc warrior
Aim: an orc warrior, wielding a +0 battleaxe and wearing a +0 chain mail (moderately wounded, 64% to hit)
The puff of flame hits the orc warrior but does no damage.
The orc warrior is moderately wounded.
The orc warrior hits you but does no damage.
You block the sky beast's attack.
You see here a clothbound book.
Okay, then.
The orc warrior barely misses you. The sky beast completely misses you.
The orc warrior completely misses you.
Things that are here:
a +0 dagger; a +0 robe; an orc corpse The orc warrior attacks as it pursues you!
The orc warrior hits you with a +0 battleaxe!
You die...

##.## ##...##
##.#.## ##.##
#.###.# ###.#####
##.#.## #........
##.## #.#.##### #.#
#.#.# #.# #.#.#
#.###### #.#.#
#.@o.$.####.#.#
#..##...#....#.#
#.##.Y.#######.#####
###...## #......
##)..## #######
##...## ##...#∩#
#.:.###.. #._.# ..#


You could see an orc warrior.

Vanquished Creatures
  A sky beast (D:3)
  A black bear (D:5)
  3 phantoms (D:4)
  A jelly (D:5)
  A bullfrog skeleton (D:4)
  An orc wizard (D:5)
  2 scorpion zombies (D:4)
  3 hound zombies (D:4)
  A howler monkey skeleton (D:4)
  4 adders
  An adder zombie (D:4)
  An adder skeleton (D:4)
  2 worms
  3 dart slugs
  An orc (D:3)
  2 ball pythons
  7 bats
  6 endoplasms
  3 giant cockroaches
  6 goblins
  12 hobgoblins
  9 jackals
  4 kobolds
  3 quokkas
  3 frilled lizards (D:1)
  9 rats
90 creatures vanquished.

Vanquished Creatures (collateral kills)
  A dart slug (D:4)
  A quokka zombie (D:4)
2 creatures vanquished.

Grand Total: 92 creatures vanquished

Notes
Turn   | Place    | Note
-------+----------+-------------------------------------------
     0 | D:1      | Warped the Djinni Fighter began the quest for the Orb.
     0 | D:1      | Reached XP level 1. HP: 20/20 MP: 0/0
   214 | D:1      | Reached XP level 2. HP: 19/25 MP: 0/0
   340 | D:1      | Reached XP level 3. HP: 13/30 MP: 0/0
   340 | D:1      | Learned a level 1 spell: Sandblast
   651 | D:1      | Reached skill level 3 in Unarmed Combat
   997 | D:2      | Reached skill level 1 in Spellcasting
   997 | D:2      | Reached skill level 1 in Conjurations
   997 | D:2      | Reached skill level 1 in Hexes
   997 | D:2      | Reached skill level 1 in Summonings
   997 | D:2      | Reached skill level 1 in Necromancy
   997 | D:2      | Reached skill level 1 in Translocations
   997 | D:2      | Reached skill level 1 in Transmutations
   997 | D:2      | Reached skill level 1 in Fire Magic
   997 | D:2      | Reached skill level 1 in Ice Magic
   997 | D:2      | Reached skill level 1 in Air Magic
   997 | D:2      | Reached skill level 1 in Earth Magic
   997 | D:2      | Reached skill level 1 in Poison Magic
  1043 | D:2      | Reached XP level 4. HP: 32/35 MP: 0/0
  1276 | D:2      | Found a faded altar of an unknown god.
  1792 | D:3      | Found a hide-covered altar of Uskayaw.
  1795 | D:3      | Found an iron altar of Okawaru.
  1795 | D:3      | Found a shimmering altar of Xom.
  1802 | D:3      | Found a broken altar of Ashenzari.
  1823 | D:3      | Found a glowing silver altar of Zin.
  2161 | D:3      | Found a stormy altar of Qazlal.
  2161 | D:3      | Noticed a sky beast
  2207 | D:3      | Killed a sky beast
  2208 | D:3      | Reached skill level 4 in Unarmed Combat
  2208 | D:3      | Reached XP level 5. HP: 24/41 MP: 0/0
  2208 | D:3      | Learned a level 2 spell: Poisonous Vapours
  2357 | D:3      | Reached XP level 6. HP: 47/47 MP: 0/0
  2470 | D:3      | Found a glowing golden altar of the Shining One.
  2656 | D:4      | Found a transporter.
  2656 | D:4      | Noticed Morowski's ghost (amateur SpCj)
  2704 | D:4      | Reached skill level 5 in Unarmed Combat
  2704 | D:4      | Reached XP level 7. HP: 16/53 MP: 0/0
  2704 | D:4      | Learned a level 3 spell: Confusing Touch
  2705 | D:4      | Found a transporter.
  3009 | D:4      | You are sucked into a shaft and drop 1 floor!
  3009 | D:5      | Entered Level 5 of the Dungeon
  3590 | D:5      | Reached skill level 6 in Unarmed Combat
  3750 | D:5      | Reached skill level 5 in Fighting
  3750 | D:5      | Reached XP level 8. HP: 39/59 MP: 0/0
  3968 | D:5      | Slain by an orc warrior

Illustrated notes

Levels and vault maps discovered:
D:1:      lightli_arrival_windingriver, layout_rooms, minmay_pentomino_s2
D:2:      layout_basic, shapermc_ecumenical_altar_mp_ritualfount
D:3:      layout_loops_ring, mainiacjoe_overflow_cross_hatched, tso_altar,
          nicolae_qazlal_beasts_of_the_sky,
          nicolae_overflow_hallway_of_the_gods, minmay_misc_feat_more_columns
D:4:      layout_cave_pools, serial_undead, serial_undead_d, serial_undead_f,
          serial_undead_d, serial_undead_c, gammafunk_ghost_arena,
          hangedman_abyss_or_decor_stabs, chequers_avenue
D:5:      layout_loops_ring, nzn_overflow_gifts_of_might_and_magic,
          uniq_eustachio

Skill      XL: |  1  2  3  4  5  6  7 |
---------------+----------------------+-----
Unarmed Combat | 3 4 5 6 |  6.2
Spellcasting   | 1 2 |  2.7
Conjurations   | 1 2 |  2.7
Hexes          | 1 2 |  2.7
Summonings     | 1 2 |  2.7
Necromancy     | 1 2 |  2.7
Translocations | 1 2 |  2.7
Transmutations | 1 2 |  2.7
Fire Magic     | 1 2 |  2.7
Ice Magic      | 1 2 |  2.7
Air Magic      | 1 2 |  2.7
Earth Magic    | 1 2 |  2.7
Poison Magic   | 1 2 |  2.7
Fighting       | 4 5 |  5.0
Armour         | |  3.0
Shields        | |  3.0

Action                     |  1- 3 |  4- 6 |  7- 9 || total
---------------------------+-------+-------+-------++-------
  Melee: Unarmed           |   159 |   222 |   132 ||   513
  Evoke: Wand              |       |       |     1 ||     1
    Use: Potion            |     2 |     2 |     5 ||     9
         Scroll            |       |       |     2 ||     2
 Armour: Scale mail        |   132 |   142 |   111 ||   385
  Dodge: Dodged            |    82 |   107 |    61 ||   250
  Block: Buckler           |    51 |    40 |    24 ||   115

Table legend: (Time is in decaauts)
 A = Elapsed time spent in this place.
 B = Non-inter-level travel time spent in this place.
 C = Inter-level travel time spent in this place.
 D = Time resting spent in this place.
 E = Time spent auto-exploring this place.
 F = Levels seen in this place.
 G = Mean time per level.
                   A        B        C        D        E       F      G
               +--------+--------+--------+--------+--------+-----+--------+
         Total |   3950 |   3765 |    185 |      0 |   2892 |   5 |  790.0 |
       Dungeon |   3950 |   3765 |    185 |      0 |   2892 |   5 |  790.0 |
               +--------+--------+--------+--------+--------+-----+--------+

Top non-repeatable levels by time:
     D:1: 984 daAuts
     D:3: 967 daAuts
     D:4: 869 daAuts
     D:2: 680 daAuts
     D:5: 448 daAuts
